 Dungeon Crawl Stone Soup version 0.19.0-2-gae57169 (webtiles) character file.

1436 Exaltedone87 the Slasher (level 8, -2/57 (60) HPs)
             Began as a Demonspawn Gladiator on Nov 4, 2016.
             Slain by a hornet (3 damage)
             ... on level 6 of the Dungeon.
             The game lasted 00:28:43 (6308 turns).

Exaltedone87 the Slasher (Demonspawn Gladiator)     Turns: 6308, Time: 00:28:43

HP:   -2/57 (60)    AC:  5    Str: 14    XL:     8   Next: 45%
MP:   8/8           EV: 14    Int: 15    God:    Xom [....*.]
Gold: 413           SH:  8    Dex: 16    Spells: 0 memorised, 7 levels left

rFire  . . .     SeeInvis .     a - +1 long sword
rCold  . . .     Gourm    .     b - +0 leather armour
rNeg   + . .     Faith    +     r - +0 shield
rPois  .         Spirit   .     (helmet restricted)
rElec  .         Reflect  .     k - +1 cloak
rCorr  .         Harm     .     (no gloves)
MR     .....                    g - +0 pair of boots
Stlth  +++.......               z - amulet of faith
                                y - ring "Nelocuhe" {rN+ Int+4 Stlth+}
                                e - +2 ring of evasion

@: lethally poisoned (-2 -> -8), slowed, very slow
A: claws 2, horns 1, talons 1, agile 1, deformed body, screaming 2, weak 1
a: Renounce Religion


You were on level 6 of the Dungeon.
You worshipped Xom.
You were a beloved toy of Xom.
You were not hungry.

You visited 1 branch of the dungeon, and saw 6 of its levels.

You collected 413 gold pieces.

Inventory:

Hand Weapons
 a - a +1 long sword (weapon)
 u - a +3 quarterstaff of chaos
 v - a +0 falchion
 x - a +4 flail of protection
 A - a +0 shortbow
 D - a +0 short sword of draining
Missiles
 d - a throwing net (quivered)
 B - 30 arrows
Armour
 b - a +0 leather armour (worn)
 c - a +0 helmet
 g - a +0 pair of boots (worn)
 k - a +1 cloak (worn)
 r - a +0 shield (worn)
Jewellery
 e - a +2 ring of evasion (left claw)
 p - an uncursed ring of poison resistance
 y - the ring "Nelocuhe" (right claw) {rN+ Int+4 Stlth+}
   (You found it on level 5 of the Dungeon)

   [ring of positive energy]

   It affects your intelligence (+4).
   It protects you from negative energy.
   It makes you more stealthy.
 z - an amulet of faith (around neck)
Wands
 m - a wand of random effects (22/48)
 n - a wand of polymorph (10/24)
 o - a wand of lightning (9/15)
Scrolls
 i - 4 scrolls of remove curse
 l - a scroll of blinking
 q - a scroll of teleportation
Potions
 s - a potion of lignification
 t - a potion of flight
 C - a potion of degeneration {unknown}
Comestibles
 f - 2 bread rations
 h - a fruit
 j - 3 meat rations
 w - a slice of pizza


   Skills:
 + Level 4.0 Fighting
 + Level 7.0 Long Blades
 + Level 2.0 Throwing
 + Level 3.2 Armour
 + Level 4.5 Dodging
 + Level 2.7 Stealth
 + Level 1.7 Shields


You had 7 spell levels left.
You didn't know any spells.

Dungeon Overview and Level Annotations

Branches:
Dungeon (6/15)             Temple (0/1) D:4

Altars:
Ashenzari
Gozag
Hepliaklqana
Nemelex Xobeh
Uskayaw
Xom

Shops:
D:6 :

Annotations:
D:6 Dowan


Innate Abilities, Weirdness & Mutations

You have very sharp fingernails.
You have a pair of small horns on your head.
You have sharp toenails.
You are agile. (Dex +2)
Armour fits poorly on your strangely shaped body.
You sometimes yell uncontrollably at your foes.
You are weak. (Str -2)


Message History

You feel sick.
The hornet stings you but does no damage.
The hornet stings you!
* * * LOW HITPOINT WARNING * * *
You feel yourself slow down. The hornet barely misses you.
You riposte.
You closely miss the hornet. Your headbutt misses the hornet.
The hornet is severely wounded.
You hit the hornet. Your headbutt misses the hornet.
The hornet is severely wounded.
* * * LOW HITPOINT WARNING * * *
You feel sick. You block the hornet's attack. The hornet stings you!
* * * LOW HITPOINT WARNING * * *
You feel as though you will be slow longer.
* * * LOW HITPOINT WARNING * * *
You feel sick. You block the hornet's attack.
You hit the hornet.
The hornet is almost dead.
* * * LOW HITPOINT WARNING * * *
You feel sick. You block the hornet's attack. The hornet stings you.
You die...

## #########
.#################.......#
......_.._.....§.'........
_#################........
.......................8.8
(...............[....♣♣...
..................##♣♣ ..
................y.# . ###
.###############@†#♣ #..
.#.................♣♣ #.#
.#..................♣♣ #.#
.#...#######.........♣ ♣♣♣
#.#
.#...#.....#...#..#######.#
#..
.#...#.....#...#..#.......#
####
.#...#.....#...#..#.......#
#...
.#...#.....#...#..#.......#
#.##
.#...#....)#...#..#.......#
#.#


You could see a hornet.

Vanquished Creatures
  The ghost of estick the Skirmisher, an amateur GrFi (D:4)
  Sigmund (D:3)
  Menkaure (D:6)
  A sky beast (D:5)
  A necrophage (D:6)
  A centaur (D:5)
  A bullfrog (D:6)
  A scorpion (D:5)
  A jelly (D:6)
  An iguana (D:6)
  Crazy Yiuf (D:4)
  6 worker ants
  2 hound zombies (D:6)
  6 adders
  2 shadow imps (D:6)
  3 oozes
  2 adder skeletons (D:6)
  2 worms
  11 orcs
  4 giant cockroaches
  10 goblins
  7 hobgoblins
  8 jackals
  9 kobolds
  4 quokkas
  A ball python (D:3)
  3 bats (D:1)
  4 frilled lizards
  A jackal skeleton (D:5)
  8 rats
104 creatures vanquished.

Vanquished Creatures (collateral kills)
  Grinder (D:6)
  Duvessa (D:6)
2 creatures vanquished.

Grand Total: 106 creatures vanquished

Notes
Turn   | Place    | Note
-------+----------+-------------------------------------------
     0 | D:1      | Exaltedone87 the Demonspawn Gladiator began the quest for the Orb.
     0 | D:1      | Reached XP level 1. HP: 16/16 MP: 1/1
    35 | D:1      | Reached skill level 3 in Long Blades
    35 | D:1      | Gained mutation: You have sharp fingernails. [demonic ancestry]
    35 | D:1      | Reached XP level 2. HP: 14/22 MP: 2/2
   137 | D:1      | Found a sparkling altar of Nemelex Xobeh.
   523 | D:1      | Gained mutation: You have sharp toenails. [demonic ancestry]
   523 | D:1      | Reached XP level 3. HP: 23/27 MP: 3/3
   755 | D:2      | Reached skill level 1 in Armour
   776 | D:2      | Found a shattered altar of Ashenzari.
   997 | D:2      | Reached XP level 4. HP: 26/34 MP: 4/4
  1045 | D:2      | You fall through a shaft!
  1061 | D:3      | Noticed Sigmund
  1078 | D:3      | Killed Sigmund
  1078 | D:3      | Reached skill level 4 in Long Blades
  1078 | D:3      | Reached XP level 5. HP: 28/41 MP: 5/5
  1224 | D:2      | Found a shimmering altar of Xom.
  1225 | D:2      | Found a hazy altar of Hepliaklqana.
  1225 | D:2      | Noticed a hell beast
  1227 | D:2      | Noticed a spectral ugly thing
  1227 | D:2      | Noticed a hell beast
  1236 | D:2      | Became a worshipper of Xom of Chaos
  1693 | D:3      | XOM: scenery: 1 doors open
  1938 | D:3      | XOM: harmless Ice miscast
  1991 | D:3      | Found a hide-covered altar of Uskayaw.
  2125 | D:3      | XOM: god gift: 48 gold pieces
  2145 | D:3      | XOM is BORED!
  2145 | D:3      | XOM: give mutation
  2145 | D:3      | Gained mutation: You are agile. (Dex +2) [Xom's mischief]
  2288 | D:3      | XOM: scenery: 1 doors open
  2311 | D:3      | Reached XP level 6. HP: 47/47 MP: 6/6
  2358 | D:3      | XOM: divination: magic mapping
  2542 | D:4      | Found a staircase to the Ecumenical Temple.
  2583 | D:4      | XOM: scenery: 1 doors open
  2853 | D:4      | Noticed estick's ghost (amateur GrFi)
  2859 | D:4      | Killed estick's ghost
  2859 | D:4      | Reached skill level 5 in Long Blades
  2859 | D:4      | Reached skill level 1 in Stealth
  2977 | D:4      | XOM: medium Chrm miscast
  3130 | D:4      | Found a runed door.
  3247 | D:4      | XOM: give mutation
  3247 | D:4      | Gained mutation: Armour fits poorly on your strangely shaped body. [Xom's mischief]
  3291 | D:4      | XOM: stat loss: -1 Int (9/10)
  3308 | D:4      | Noticed Crazy Yiuf
  3312 | D:4      | Killed Crazy Yiuf
  3392 | D:5      | Entered Level 5 of the Dungeon
  3640 | D:5      | Found an opulent altar of Gozag.
  3640 | D:5      | XOM: 4-stop teleportation journey
  3691 | D:5      | Gained mutation: You have very sharp fingernails. [demonic ancestry]
  3691 | D:5      | Reached XP level 7. HP: 29/52 MP: 7/7
  3864 | D:5      | XOM: 6-stop teleportation journey
  3932 | D:5      | XOM: enchant monster (good)
  4108 | D:5      | XOM: cloud trail
  4385 | D:5      | Got a heavily runed jade ring
  4500 | D:5      | XOM: enchant monster (good)
  4569 | D:5      | Identified the ring "Nelocuhe" {rN+ Int+4 Stlth+} (You found it on level 5 of the Dungeon)
  4588 | D:5      | XOM: mild Tloc miscast
  4592 | D:5      | XOM: summons 3 hostile demons
  4777 | D:6      | XOM: harmless Pois miscast
  4785 | D:6      | Reached skill level 6 in Long Blades
  4792 | D:6      | XOM: cleaving
  4798 | D:6      | XOM: confuse monster(s)
  5125 | D:6      | Noticed Edmund
  5125 | D:6      | Noticed Dowan
  5129 | D:6      | Noticed Edmund
  5129 | D:6      | Edmund changed into Edmund the worker ant
  5129 | D:6      | XOM: polymorph Edmund -> Edmund the worker ant
  5130 | D:6      | Noticed Duvessa
  5135 | D:6      | Killed Edmund the worker ant
  5136 | D:6      | XOM: summons 3 hostile demons
  5138 | D:6      | XOM: noise
  5139 | D:6      | XOM: give mutations
  5139 | D:6      | Gained mutation: You occasionally shout uncontrollably at your foes. [Xom's mischief]
  5139 | D:6      | Gained mutation: You are weak. (Str -2) [Xom's mischief]
  5139 | D:6      | Gained mutation: You sometimes yell uncontrollably at your foes. [Xom's mischief]
  5272 | D:6      | XOM: harmless Pois miscast
  5325 | D:6      | Found Docsywe's Book Shoppe.
  5339 | D:6      | Noticed Grinder
  5350 | D:6      | XOM: noise
  5352 | D:6      | XOM: summons 5 friendly demons
  5353 | D:6      | Paralysed by Grinder for 5 turns
  5358 | D:6      | XOM: polymorph shadow imp -> crimson imp
  5362 | D:6      | Killed Grinder
  5362 | D:6      | Reached skill level 1 in Shields
  5362 | D:6      | Gained mutation: You have a pair of small horns on your head. [demonic ancestry]
  5362 | D:6      | Reached XP level 8. HP: 53/60 MP: 8/8
  5507 | D:6      | Noticed Menkaure
  5518 | D:6      | XOM: fog
  5529 | D:6      | Killed Menkaure
  5640 | D:6      | XOM: scenery: create altars
  5654 | D:6      | XOM: scenery: create altars
  6288 | D:6      | XOM: summons friendly white imp
  6294 | D:6      | Killed Duvessa
  6294 | D:6      | Reached skill level 7 in Long Blades
  6297 | D:6      | Noticed a hornet
  6308 | D:6      | HP: 1/57 [poisoned by a hornet]
  6308 | D:6      | Slain by a hornet

Skill      XL: |  1  2  3  4  5  6  7  8 |
---------------+-------------------------+-----
Long Blades    | 3 4 5 6 7 |  7.0
Throwing       | 2 |  2.0
Dodging        | 3 4 |  4.5
Armour         | 1 2 3 |  3.2
Fighting       | 3 4 |  4.0
Stealth        | 1 2 |  2.7
Shields        | 1 |  1.7

Action                   |  1- 3 |  4- 6 |  7- 9 || total
-------------------------+-------+-------+-------++-------
Melee: Long sword        |   142 |   110 |   173 ||   425
       Kick              |    19 |    25 |       ||    44
       Headbutt          |       |       |    20 ||    20
Throw: Throwing net      |       |     2 |     2 ||     4
  Use: Potion            |     3 |     3 |     2 ||     8
       Scroll            |     1 |     9 |     4 ||    14
 Stab: Sleeping          |       |     3 |     2 ||     5
       Paralysed         |       |       |     5 ||     5
       Distracted        |       |       |     1 ||     1
  Eat: Bread ration      |       |     2 |     1 ||     3
       Meat ration       |       |       |     1 ||     1
Armor: Leather armour    |    68 |    15 |    41 ||   124
Dodge: Dodged            |   119 |    74 |   101 ||   294
Block: Shield            |       |     7 |    65 ||    72
       Rpst.: Long sword |    30 |    21 |    20 ||    71
